 Dungeon Crawl Stone Soup version 0.31.0-32-g396128a36d (webtiles) character file.

Game seed: 5395635741410600736

1346 spaghetti the Slasher (level 8, 0/87 HPs)
             Began as a Demonspawn Berserker on Mar 20, 2024.
             Was a Priest of Trog.
             Slain by a gnoll
             ... wielding a +0 halberd
             ... led by a gnoll sergeant
              (12 damage)
             ... on level 6 of the Dungeon.
             The game lasted 00:05:23 (4389 turns).

spaghetti the Slasher (Demonspawn Berserker)        Turns: 4389, Time: 00:05:24

Health: 0/87       AC:  4    Str: 19    XL:     8   Next: 36%
Magic:  0/8        EV: 15    Int:  7    God:    Trog [***...]
Gold:   106        SH:  4    Dex: 14    Spells: 7/7 levels left

rFire   + . .        s - +0 dagger (venom)
rCold   . . .        (no shield)
rNeg    . . .        b - +0 animal skin
rPois   .            i - +0 helmet
rElec   .            (no cloak)
rCorr   .            m - +0 pair of gloves
SInv    .            (no boots)
Will    .....        h - amulet of guardian spirit Stlth
                     p - ring of protection from fire
HPRegen 0.34/turn    (no ring)
MPRegen 0.11/turn

%: guardian spirit
@: berserking (expiring), very quick
A: hooves 2, large bone plates 1, icemail 2, condensation shield
a: Renounce Religion, Berserk, Trog's Hand


You were on level 6 of the Dungeon.
You worshipped Trog.
Trog was most pleased with you.
You visited 1 branch of the dungeon, and saw 7 of its levels.

You collected 271 gold pieces.
You spent 165 gold pieces at shops.

Inventory:

Hand Weapons
 a - a +0 falchion
 s - a +0 dagger of venom (weapon)
Missiles
 g - a throwing net (quivered)
Armour
 b - a +0 animal skin (worn)
 i - a +0 helmet (worn)
 m - a +0 pair of gloves (worn)
 n - a +0 cloak
Jewellery
 h - an amulet of guardian spirit (around neck)
 p - a ring of protection from fire (left hand)
Wands
 l - a wand of mindburst (18)
Scrolls
 c - 3 scrolls of poison
 e - a scroll of fear
 f - 3 scrolls of vulnerability
 j - a scroll of fog {unknown}
 o - a scroll of silence
Potions
 d - a potion of heal wounds
 q - a potion of magic
 r - a potion of curing
 t - a potion of mutation {unknown}
 u - a potion of enlightenment {unknown}
 v - a potion of invisibility


   Skills:
 - Level 3.0 Fighting
 + Level 7.3 Long Blades
 - Level 1.7 Armour
 + Level 6.7 Dodging


You had 7 spell levels left.
You didn't know any spells.
Your spell library was empty.

Dungeon Overview and Level Annotations

Branches:
Dungeon (7/15)             Temple (0/1) D:5

Altars:
Ashenzari
Gozag
Makhleb
Ru
Trog
Wu Jian

Shops:
D:5 !

Annotations:
D:4 3 runed translucent doors, RockinRobin's ghost, novice FoFi
D:7 Maurice


Innate Abilities, Weirdness & Mutations

You have hoof-like feet.
You are partially covered in large bone plates. (SH +4)
A meltable icy envelope protects you from harm. (AC +0)
A meltable shield of frost defends you. (SH +0)


Message History

A red film seems to cover your vision as you go berserk!
You feel yourself moving faster!
You feel mighty!
The gnoll sergeant hits you from afar with a +2 spear of flaming.
You feel a strong urge to attack something.
The gnoll hits you but does no damage.
You hit the gnoll sergeant.
The gnoll sergeant is poisoned.
The gnoll sergeant is lightly wounded.
The gnoll sergeant hits you with a +2 spear of flaming.
The gnoll sergeant burns you.
You hit the gnoll sergeant.
The gnoll sergeant looks as sick as possible!
You kick the gnoll sergeant.
The gnoll sergeant is heavily wounded.
The gnoll barely misses you.
You barely miss the gnoll sergeant. Your punch misses the gnoll sergeant.
The gnoll sergeant is severely wounded.
You block the gnoll sergeant's attack.
You puncture the gnoll sergeant! Your kick misses the gnoll sergeant.
The gnoll sergeant is almost dead.
The gnoll hits you from afar with a +0 halberd.
You hit the gnoll sergeant.
You kill the gnoll sergeant!
Trog accepts your kill.
You closely miss the phantom. The gnoll misses you.
You puncture the phantom! Your kick misses the phantom.
The phantom is moderately damaged.
The phantom barely misses you.
You barely miss the phantom. You kick the phantom!
The phantom is severely damaged.
The gnoll hits you from afar with a +0 halberd!
* * * LOW HITPOINT WARNING * * *
You closely miss the phantom. You kick the phantom.
You destroy the phantom!
Trog accepts your kill. The gnoll hits you with a +0 halberd!
* * * LOW HITPOINT WARNING * * *
Things that are here:
a +2 spear of flaming; a +0 scale mail; a gnoll corpse You barely miss the gnoll.
The gnoll hits you with a +0 halberd!
You die...

#.. #.#
#######.#...
#.# #g@.......#
#.# #.#####.###
#.# #.# #.# #.#
#.# #.#
#.#####>#####..
#.<.....W.....:
#######.######.
#.#


You could see a gnoll.

Vanquished Creatures
  3 yaks (D:5)
  A black bear (D:4)
  An ogre (D:5)
  2 phantoms
  A gnoll sergeant (D:6)
  A howler monkey (D:5)
  A jelly (D:5)
  2 orc priests (D:5)
  Jessica (D:3)
  2 iguanas (D:5)
  A sleepcap (D:4)
  Ijyb (D:3)
  An orc wizard (D:4)
  6 gnolls
  6 adders
  A white imp (D:5)
  4 ufetubi (D:5)
  A dart slug (D:1)
  3 ribbon worms
  9 orcs
  4 ball pythons
  3 bats
  8 endoplasms
  A giant cockroach (D:3)
  12 goblins
  2 hobgoblins
  13 jackals
  3 quokkas
  4 frilled lizards (D:1)
  12 kobolds
  4 rats
114 creatures vanquished.

Notes
Turn   | Place    | Note
-------+----------+-------------------------------------------
     0 | D:1      | spaghetti the Demonspawn Berserker began the quest for the
                  | Orb.
     0 | D:1      | Reached XP level 1. HP: 18/18 MP: 1/1
   113 | D:1      | Reached skill level 3 in Long Blades
   267 | D:1      | Gained mutation: You have large cloven feet. [demonic
                  | ancestry]
   267 | D:1      | Reached XP level 2. HP: 24/24 MP: 2/2
   548 | D:1      | Reached ** piety under Trog
   688 | D:2      | Reached XP level 3. HP: 29/29 MP: 3/3
   689 | D:2      | Found an opulent altar of Gozag.
   893 | D:2      | Found a faded altar of an unknown god.
   986 | D:2      | Gained mutation: A meltable shield of frost defends you.
                  | (SH +0) [demonic ancestry]
   986 | D:2      | Reached XP level 4. HP: 14/35 MP: 4/4
  1202 | D:2      | Reached skill level 4 in Long Blades
  1732 | D:3      | Noticed a phantom
  1754 | D:3      | Killed a phantom
  1755 | D:3      | Gained mutation: A meltable icy envelope protects you from
                  | harm. (AC +0) [demonic ancestry]
  1755 | D:3      | Reached XP level 5. HP: 41/41 MP: 5/5
  1796 | D:3      | Noticed Jessica
  1799 | D:3      | Killed Jessica
  1867 | D:3      | Noticed Ijyb
  1883 | D:3      | Killed Ijyb
  2273 | D:3      | Found an opulent altar of Gozag.
  2601 | D:4      | Noticed a black bear
  2657 | D:4      | Killed a black bear
  2658 | D:4      | Reached skill level 5 in Long Blades
  2658 | D:4      | Gained mutation: You are partially covered in large bone
                  | plates. (SH +4) [demonic ancestry]
  2658 | D:4      | Reached XP level 6. HP: 47/47 MP: 6/6
  2778 | D:4      | Found a runed translucent gate.
  2778 | D:4      | Found a runed translucent gate.
  2778 | D:4      | Found a runed translucent gate.
  2779 | D:4      | Noticed RockinRobin's ghost (novice FoFi)
  2789 | D:4      | Reached *** piety under Trog
  2999 | D:4      | You fall into a shaft and drop 1 floor!
  2999 | D:5      | Entered Level 5 of the Dungeon
  3003 | D:5      | Found a bloodstained altar of Trog.
  3273 | D:5      | Gained mutation: You have hoof-like feet. [demonic
                  | ancestry]
  3273 | D:5      | Reached XP level 7. HP: 52/52 MP: 7/7
  3300 | D:5      | Reached skill level 5 in Dodging
  3670 | D:5      | Reached skill level 6 in Long Blades
  3755 | D:5      | Found an ornate altar of the Wu Jian Council.
  3978 | D:5      | Identified the +6 sling of Anxiety {drain, rElec}
  4048 | D:5      | Found Puqoq's Distillery.
  4060 | D:5      | Bought a potion of curing for 45 gold pieces
  4060 | D:5      | Bought a potion of invisibility for 120 gold pieces
  4084 | D:5      | Found a staircase to the Ecumenical Temple.
  4183 | D:5      | Noticed a yak
  4186 | D:5      | Noticed a yak
  4187 | D:5      | Noticed a yak
  4197 | D:5      | Killed a yak
  4205 | D:5      | Killed a yak
  4206 | D:5      | Gained mutation: A meltable icy envelope protects you from
                  | harm. (AC +0) [demonic ancestry]
  4206 | D:5      | Reached XP level 8. HP: 58/58 MP: 5/8
  4209 | D:5      | Reached skill level 7 in Long Blades
  4351 | D:6      | Found a burning altar of Makhleb.
  4351 | D:6      | Found a sacrificial altar of Ru.
  4352 | D:6      | Found a broken altar of Ashenzari.
  4366 | D:7      | Noticed Maurice
  4375 | D:6      | HP: 2/58 [gnoll sergeant/+2 spear of flaming (5)]
  4389 | D:6      | Slain by a gnoll

Illustrated notes

Levels and vault maps discovered:
D:1:      dpeg_arrival_ternary, layout_basic, hangedman_decor_growths
D:2:      layout_basic, basic_altar, shapermc_ecumenical_altar_petra,
          chequers_big_river
D:3:      layout_rooms, zin_statuary, amcnicky_altar_gilded, uniq_ijyb,
          uniq_jessica
D:4:      layout_basic, okawaru_metal_pillars_1_2, ebering_ghost_rock_garden
D:5:      layout_basic, mainiacjoe_overflow_alcove_1, marbit_many_paths,
          mainiacjoe_overflow_concentric_impassable,
          minmay_temple_entry_proselytizer, serial_shops,
          nicolae_shop_industrial_runoff
D:6:      layout_loops_ring, kennysheep_mini, grunt_temple_overflow_open,
          nicolae_uskayaw_en_pointe, grunt_potential
D:7:      layout_basic, nicolae_overflow_hidden_temple, serial_rivers,
          chequers_serial_rivers_room_b, chequers_serial_rivers_micro_c,
          chequers_serial_rivers_room_a, chequers_serial_rivers_marsh,
          chequers_serial_rivers_room_b, chequers_serial_rivers_micro_b,
          uniq_maurice

Skill      XL: |  1  2  3  4  5  6  7  8 |
---------------+-------------------------+-----
Long Blades    | 3 4 5 6 7 |  7.3
Dodging        | 2 3 4 6 |  6.7
Fighting       | |  3.0
Armour         | |  1.7

Action                     |  1- 3 |  4- 6 |  7- 9 || total
---------------------------+-------+-------+-------++-------
  Melee: Falchion          |    99 |   189 |       ||   288
         Kick              |    12 |    69 |    34 ||   115
         Punch             |     1 |     2 |       ||     3
         Dagger            |       |    47 |   103 ||   150
 Invoke: Berserk           |     1 |     3 |     1 ||     5
    Use: Potion            |       |     7 |     2 ||     9
         Scroll            |       |     3 |     3 ||     6
   Stab: Sleeping          |       |     1 |     1 ||     2
 Armour: Animal skin       |    46 |   126 |    52 ||   224
  Dodge: Dodged            |    88 |   139 |    63 ||   290
  Block: Other             |       |    64 |    32 ||    96
